 Dungeon Crawl Stone Soup version 0.31-a0-188-g5e087ee2ca (webtiles) character file.

Game seed: 14488857933300127665

102 Ijustatesigmund the Stinger (level 4, -1/29 HPs)
             Began as an Octopode Venom Mage on June 23, 2023.
             Slain by an orc priest
             ... wielding a +0 trident
              (3 damage)
             ... on level 3 of the Dungeon.
             The game lasted 00:06:13 (2826 turns).

Ijustatesigmund the Stinger (Octopode Venom Mage)   Turns: 2826, Time: 00:06:14

Health: -1/29      AC:  1    Str:  7    XL:     4   Next: 78%
Magic:  2/8        EV: 13    Int: 19    God:
Gold:   138        SH:  0    Dex: 12    Spells: 2/8 levels left

rFire   . . .        c - +0 hand axe
rCold   + . .        (no shield)
rNeg    . . .        (helmet restricted)
rPois   .            (no amulet)
rElec   .            (no ring)
rCorr   .            (no ring)
SInv    .            (no ring)
Will    .....        (no ring)
Stlth   +++          (no ring)
HPRegen 0.24/turn    (no ring)
MPRegen 0.11/turn    (no ring)
                     (no ring)

%: no passive effects
@: no status effects
A: almost no armour, amphibious, 8 rings, camouflage 1, gelatinous body 1,
(nimble swimmer 1), tentacles, cold resistance 1, deterioration 1, passive
freeze
a: no special abilities


You were on level 3 of the Dungeon.
You visited 1 branch of the dungeon, and saw 3 of its levels.

You collected 138 gold pieces.

Inventory:

Hand Weapons
 c - a +0 hand axe (weapon)
Potions
 a - a potion of magic
 b - a potion of might
 f - a potion of brilliance
 g - a potion of heal wounds {unknown}


   Skills:
 + Level 1.7 Fighting
 - Level 2.0 Dodging
 - Level 2.6 Stealth
 + Level 2.7 Spellcasting
 + Level 1.1 Conjurations
 - Level 1.0 Transmutations
 + Level 1.4 Air Magic
 + Level 4.4 Poison Magic


You had 2 spell levels left.
You knew the following spells:

 Your Spells              Type           Power      Damage    Failure   Level
a - Sting                 Tmut/Pois      52%        1d5       4%          1
b - Poisonous Vapours     Pois/Air       26%        N/A       7%          2
c - Mephitic Cloud        Conj/Pois/Air  11%        N/A       19%         3

Your spell library contained the following spells:

 Spells                   Type           Power      Damage    Failure   Level
 Olgreb's Toxic Radiance  Pois           19%        N/A       26%         4
 Portal Projectile        Hex/Tloc       4%         N/A       43%         3
 Tukima's Dance           Hex            2%         N/A       43%         3
 Blade Hands              Tmut           3%         N/A       96%         5


Dungeon Overview and Level Annotations

Branches:
Dungeon (3/15)

Altars:

Annotations:
D:3 Grinder, Robin


Innate Abilities, Weirdness & Mutations

You cannot wear most types of armour.
You are amphibious.
You can wear up to eight rings at the same time.
Your skin changes colour to match your surroundings (Stealth+).
Your rubbery body absorbs attacks. (AC +1, EV +1)
((You are camouflaged when in or above water. (Stealth+)))
You have tentacles for arms and can constrict up to eight enemies at once.
Your flesh is cold resistant. (rC+)
Your body sometimes deteriorates upon taking damage.
A frigid envelope surrounds you and freezes all who hurt you.


Message History

Confirm with . or Enter, or press ? or * to list all spells.
Aiming: Poisonous Vapours (safe; 7% risk of failure)
Press: ? - help, Dir - move target, f/p - orc priest
Aim: an orc priest, wielding a +0 trident and wearing a +0 chain mail (poisoned) Poisonous vapours surround the orc priest!
The orc priest looks even sicker.
Items here: )))) ††.
The orc priest hits you with a +0 trident!
You hit the orc priest but do no damage.
Your grab misses the orc priest. You tentacle-slap the orc priest.
The orc priest is moderately wounded.
The orc priest hits you with a +0 trident.
The orc priest misses you.
You hit the orc priest but do no damage.
Your grab misses the orc priest. Your squeeze misses the orc priest.
The orc priest is moderately wounded.
The orc priest barely misses you.
You closely miss the orc priest. You grab the orc priest.
The orc priest is heavily wounded.
You constrict the orc priest, but do no damage.
The orc priest invokes the aid of Beogh against you.
Beogh smites you!
You are too injured to fight recklessly!
You hit the orc priest but do no damage.
The orc priest is heavily wounded.
You constrict the orc priest, but do no damage.
The orc priest misses you.
The orc priest hits you with a +0 trident.
* * * LOW HITPOINT WARNING * * *
You hit the orc priest but do no damage.
The orc priest is severely wounded.
You constrict the orc priest, but do no damage.
The orc priest hits you with a +0 trident.
* * * LOW HITPOINT WARNING * * *
It was a potion of mutation.
You feel extremely strange.
You feel yourself wasting away.
You feel resistant to cold.
Your skin feels very cold.
You constrict the orc priest.
The orc priest hits you with a +0 trident.
You die...

#..###...##.# ##.#
#....... #.###.......
#######...........
###......######.....
##8######.# #.....
#....####.# #.....
##..#<##.# #.....
#..@)[##.### ###...
##o.#.##...## ...
#....#.......# ...
##8###.....(.# .##
###.....#####... ...
##.......(.... ..
##...........
...#5#####...........
........##.#######...


You could see an orc priest (poisoned).

Vanquished Creatures
  2 adders (D:2)
  A dart slug (D:2)
  7 orcs
  9 ball pythons
  7 endoplasms
  2 giant cockroaches
  8 goblins
  6 hobgoblins
  2 jackals (D:2)
  7 kobolds
  4 quokkas
  5 bats
  2 frilled lizards
  4 rats
66 creatures vanquished.

Notes
Turn   | Place    | Note
-------+----------+-------------------------------------------
     0 | D:1      | Ijustatesigmund the Octopode Venom Mage began the quest for
                  | the Orb.
     0 | D:1      | Reached XP level 1. HP: 11/11 MP: 3/3
   163 | D:1      | Reached XP level 2. HP: 18/18 MP: 5/5
   166 | D:1      | Learned a level 2 spell: Poisonous Vapours
   292 | D:1      | Reached skill level 4 in Poison Magic
   321 | D:1      | Reached skill level 1 in Fighting
   652 | D:1      | Reached XP level 3. HP: 23/23 MP: 6/6
   656 | D:1      | Learned a level 3 spell: Mephitic Cloud
  1372 | D:2      | Reached skill level 1 in Air Magic
  1598 | D:2      | Found a faded altar of an unknown god.
  1689 | D:2      | Reached XP level 4. HP: 28/28 MP: 2/7
  2099 | D:2      | Reached skill level 1 in Conjurations
  2390 | D:3      | Noticed Robin
  2659 | D:3      | Noticed Grinder
  2826 | D:3      | Gained mutation: Your body sometimes deteriorates upon
                  | taking damage. [potion of mutation]
  2826 | D:3      | Gained mutation: Your flesh is cold resistant. (rC+)
                  | [potion of mutation]
  2826 | D:3      | Gained mutation: A frigid envelope surrounds you and
                  | freezes all who hurt you. [potion of mutation]
  2826 | D:3      | Slain by an orc priest

Illustrated notes

Levels and vault maps discovered:
D:1:      minmay_arrival_loop, layout_loops_corners
D:2:      layout_rooms, chequers_ecumenical_altar_grove, nicolae_eternal_life
D:3:      layout_loops_cross, grunt_dithmenos_smoke,
          mainiacjoe_overflow_cross_hatched, pf_guarded_unrand_meek,
          uniq_grinder, uniq_natasha, uniq_robin

Skill      XL: |  1  2  3  4 |
---------------+-------------+-----
Poison Magic   | 4 |  4.4
Fighting       | 1 |  1.7
Air Magic      | 1 |  1.4
Conjurations   | 1 |  1.1
Dodging        | |  2.0
Stealth        | |  2.6
Spellcasting   | |  2.7
Transmutations | |  1.0

Action                     |  1- 3 |  4- 6 || total
---------------------------+-------+-------++-------
  Melee: Unarmed           |    13 |       ||    13
         Constrict         |    19 |    12 ||    31
         Tentacles         |    15 |     6 ||    21
         Short sword       |    40 |       ||    40
         Hand axe          |    20 |    39 ||    59
         Punch             |     3 |     3 ||     6
   Cast: Sting             |     4 |       ||     4
         Poisonous Vapours |    23 |    16 ||    39
         Mephitic Cloud    |       |     5 ||     5
    Use: Scroll            |     5 |     2 ||     7
         Potion            |       |     1 ||     1
   Stab: Sleeping          |     5 |       ||     5
 Armour: Skin              |     8 |     2 ||    10
  Dodge: Dodged            |    40 |    31 ||    71

Table legend: (Time is in decaauts)
 A = Elapsed time spent in this place.
 B = Non-inter-level travel time spent in this place.
 C = Inter-level travel time spent in this place.
 D = Time resting spent in this place.
 E = Time spent auto-exploring this place.
 F = Levels seen in this place.
 G = Mean time per level.
                   A        B        C        D        E       F      G
               +--------+--------+--------+--------+--------+-----+--------+
         Total |   2848 |   2738 |    110 |    361 |   1950 |   3 |  949.3 |
       Dungeon |   2848 |   2738 |    110 |    361 |   1950 |   3 |  949.3 |
               +--------+--------+--------+--------+--------+-----+--------+

Top non-repeatable levels by time:
     D:1: 1362 daAuts
     D:2: 1143 daAuts
     D:3: 342 daAuts
